 Dungeon Crawl Stone Soup version 0.28-a0-537-g3bccd9ccbf (webtiles) character file.

Game seed: 7938393937957061557

5240 Zenkrye the Magician (level 10, -2/79 HPs)
             Began as a Gnoll Warper on Sept 27, 2021.
             Was an Initiate of Gozag.
             Slain by a killer bee (5 damage)
             ... on level 6 of the Dungeon.
             The game lasted 00:40:57 (9697 turns).

Zenkrye the Magician (Gnoll Warper)                 Turns: 9697, Time: 00:40:58

Health: -2/79      AC:  6    Str: 10    XL:     10   Next: 61%
Magic:  1/21       EV: 13    Int: 23    God:    Gozag
Gold:   1504       SH:  7    Dex: 11    Spells: 12/24 levels left

rFire   + + .      SeeInvis .   J - +5 short sword (vamp)
rCold   . . .      Faith    .   d - +2 buckler
rNeg    . . .      Spirit   .   x - +0 troll leather armour
rPois   .          Reflect  .   (no helmet)
rElec   .          Harm     .   B - +0 cloak
rCorr   .          Rampage  .   (no gloves)
Will    .....                   (no boots)
Stlth   +++.......              A - amulet of the acrobat
HPRegen 1.23/turn               t - +6 ring of intelligence
MPRegen 0.17/turn               (no ring)

@: lethally poisoned (-2 -> -7), gold aura, very slightly contaminated, unable
to read
A: fangs 1, strong nose, distributed training, fire resistance 2, inability to
read while threatened
a: Renounce Religion, Potion Petition, Call Merchant, Bribe Branch


You were on level 6 of the Dungeon.
You worshipped Gozag.
Gozag was most pleased with you.
You visited 2 branches of the dungeon, and saw 10 of its levels.
You also visited: Ossuary.

You collected 2015 gold pieces.
You spent 380 gold pieces at shops.
You paid 131 gold pieces to Gozag.

Inventory:

Hand Weapons
 b - a +0 hand crossbow
 c - the +5 mace of Inflation {freeze, rF++}
   (You found it on level 4 of the Dungeon)

   It freezes those it strikes, dealing additional cold damage.
   It can also slow down cold-blooded creatures.
   rF:        It greatly protects you from fire.
 n - a +2 rapier of flaming
 v - a +0 fustibalus
 y - a +2 broad axe
 z - a +1 short sword of electrocution
 J - a +5 vampiric short sword (weapon)
Missiles
 a - 4 boomerangs
 g - 34 bolts
 j - 307 stones (quivered)
 o - a curare-tipped dart
 u - 28 sling bullets
 D - 2 throwing nets {!f}
Armour
 d - a +2 buckler (worn)
 x - a +0 troll leather armour (worn)
 B - a +0 cloak (worn)
Jewellery
 m - an amulet of guardian spirit
 t - a +6 ring of intelligence (left hand)
 A - an amulet of the acrobat (around neck)
 E - an amulet of magic regeneration
Wands
 q - a wand of iceblast (4) {@v4}
 C - a wand of flame (39)
Scrolls
 i - 6 scrolls of identify {@r1}
 k - a scroll of enchant armour
 l - 3 scrolls of teleportation {@r3}
 p - a scroll of magic mapping
 r - 2 scrolls of fear
 I - a scroll of amnesia
Potions
 e - 2 potions of brilliance
 f - 2 potions of mutation
 h - 3 potions of flight
 s - a potion of cancellation
 w - a potion of might {@q4}
 G - a potion of magic
 H - 2 potions of attraction


   Skills:
 + Level 7.2 Fighting
 + Level 5.4 Short Blades
 + Level 5.4 Long Blades
 + Level 7.2 Axes
 + Level 5.4 Maces & Flails
 + Level 5.4 Polearms
 + Level 5.4 Staves
 + Level 5.4 Slings
 + Level 5.4 Bows
 + Level 5.4 Crossbows
 + Level 6.1 Throwing
 + Level 6.1 Armour
 + Level 7.2 Dodging
 + Level 5.4 Stealth
 + Level 5.4 Shields
 + Level 5.4 Unarmed Combat
 + Level 7.5 Spellcasting
 + Level 4.5 Conjurations
 + Level 4.5 Hexes
 + Level 4.5 Summonings
 + Level 4.5 Necromancy
 + Level 7.2 Translocations
 + Level 4.5 Transmutations
 + Level 4.5 Fire Magic
 + Level 4.5 Ice Magic
 + Level 4.5 Air Magic
 + Level 4.5 Earth Magic
 + Level 4.5 Poison Magic
 + Level 6.0 Invocations
 + Level 5.4 Evocations


You had 12 spell levels left.
You knew the following spells:

 Your Spells              Type           Power      Damage    Failure   Level
a - Teleport Other        Tloc           41%        N/A       1%          3
b - Blink                 Tloc           N/A        N/A       1%          2
c - Manifold Assault      Tloc           41%        N/A       14%         5
d - Slow                  Hex            29%        N/A       2%          2

Your spell library contained the following spells:

 Spells                   Type           Power      Damage    Failure   Level
 Gell's Gravitas          Tloc           20%        N/A       1%          3
 Lesser Beckoning         Tloc           41%        N/A       1%          3
 Confusing Touch          Hex            29%        N/A       4%          3
 Vampiric Draining        Necr           14%        2d8       4%          3


Dungeon Overview and Level Annotations

Branches:
Dungeon (9/15)             Temple (1/1) D:7         Ossuary (visited)
   Lair: D:8-11         Orc: D:9-12

Altars:
Dithmenos
Gozag
Qazlal
Wu Jian
Yredelemnul

Shops:
D:4 *

Annotations:
D:9 Harold


Innate Abilities, Weirdness & Mutations

You have very sharp teeth.
Your uncanny sense of smell can sniff out nearby items.
Your experience applies equally to all skills.
Your flesh is very heat resistant. (rF++)
You sometimes lose the ability to read scrolls when taking damage.


Message History

You are very lightly contaminated with residual magic.
Nothing appears to happen.
You can read scrolls again.
* * * LOW HITPOINT WARNING * * *
You feel very sick. The killer bee stings you.
You feel threatened and lose the ability to read scrolls!
* * * LOW HITPOINT WARNING * * *
You are more poisoned.
The killer bee poisons you!
The killer bee stings you but does no damage.
The killer bee barely misses you. x2
Casting: Manifold Assault (dangerous; 14% risk of failure)
Confirm with . or Enter, or press ? or * to list all spells.
Space momentarily warps into an impossible shape!
You hit the killer bee.
You feel better.
You closely miss the killer bee.
* * * LOW HITPOINT WARNING * * *
You feel very sick.
The killer bee stings you but does no damage.
You block the killer bee's attack. The killer bee closely misses you. x2
Casting: Manifold Assault (dangerous; 14% risk of failure)
Confirm with . or Enter, or press ? or * to list all spells.
Space momentarily warps into an impossible shape!
You hit the killer bee.
You feel better.
You hit the killer bee.
You feel better.
* * * LOW HITPOINT WARNING * * *
You feel very sick. The killer bee stings you.
* * * LOW HITPOINT WARNING * * *
You block the killer bee's attack.
Okay, then.
Unknown command.
You cannot read scrolls in your current state!
You puncture the killer bee!
You feel better.
You kill the killer bee!
* * * LOW HITPOINT WARNING * * *
You feel very sick. The killer bee stings you.
You die...
Your body crumbles into a pile of gold.

.##### #.# #######
.....### #.# #.....#
####...# #.###.###.#
.......# #.......#.#
####...# ###o#.###.#
#.....# #.#.# #.#
#.#...# #<#.# #.#
##.#...##########.#
#.#
...............$@.#
#.#
#####.#(##....##y##
#.#
#.#.##...[##.####.#
#.#.##....##....#.###
#.#.####+######.#...#
#####.#'#### #
#...#.#
...........#.#
###.#.#
.............# #.#.#
.............# #.#.#


You could see a killer bee.

Vanquished Creatures
  Maurice (D:8)
  A troll (D:6)
  A hornet (D:6)
  2 wyverns
  A steam dragon (D:7)
  Menkaure (D:5)
  An acid dragon (D:9)
  A water moccasin (D:8)
  A sky beast (D:8)
  2 orc warriors
  2 ice beasts
  A hornet zombie (D:7)
  A necrophage (D:4)
  6 ogres
  2 centaurs
  2 phantoms
  4 kobold brigands
  3 bullfrogs
  2 elf zombies (Ossuary)
  3 scorpions (D:5)
  A water moccasin zombie (D:6)
  4 killer bees
  4 howler monkeys
  3 wights (D:6)
  A bullfrog zombie (D:5)
  2 centaur zombies
  A centaur skeleton (D:7)
  An orc priest (D:8)
  A gnoll shaman (D:7)
  5 bullfrog skeletons
  3 hounds
  3 human zombies
  3 iguanas
  2 orc wizards (D:7)
  A killer bee zombie (D:7)
  4 hound zombies (Ossuary)
  A hound skeleton (D:4)
  3 mummies (Ossuary)
  10 gnolls
  8 adders
  4 ufetubi (D:6)
  3 adder zombies (Ossuary)
  A worm (D:4)
  2 dart slugs
  20 orcs
  8 ball pythons
  3 bats
  10 endoplasms
  A giant cockroach (D:4)
  A gnoll zombie (Ossuary)
  A goblin (D:2)
  9 hobgoblins
  17 kobolds
  4 quokkas
  5 frilled lizards (D:1)
  A goblin zombie (Ossuary)
  3 hobgoblin zombies (Ossuary)
  3 jackal zombies (Ossuary)
  5 kobold zombies (Ossuary)
  5 quokka zombies (Ossuary)
  8 rats
  3 rat zombies (Ossuary)
216 creatures vanquished.

Vanquished Creatures (others)
  3 plants (D:4)
3 creatures vanquished.

Grand Total: 219 creatures vanquished

Notes
Turn   | Place    | Note
-------+----------+-------------------------------------------
     0 | D:1      | Zenkrye the Gnoll Warper began the quest for the Orb.
     0 | D:1      | Reached XP level 1. HP: 20/20 MP: 6/6
   548 | D:1      | Reached XP level 2. HP: 23/26 MP: 7/7
   629 | D:1      | Learned a level 2 spell: Blink
  1433 | D:2      | Reached XP level 3. HP: 31/31 MP: 9/9
  1458 | D:2      | Found a faded altar of an unknown god.
  1486 | D:2      | Reached skill level 5 in Spellcasting
  1657 | D:2      | Reached skill level 1 in Invocations
  1944 | D:3      | Reached skill level 1 in Short Blades
  1944 | D:3      | Reached skill level 1 in Long Blades
  1944 | D:3      | Reached skill level 1 in Maces & Flails
  1944 | D:3      | Reached skill level 1 in Polearms
  1944 | D:3      | Reached skill level 1 in Staves
  1944 | D:3      | Reached skill level 1 in Slings
  1944 | D:3      | Reached skill level 1 in Bows
  1944 | D:3      | Reached skill level 1 in Crossbows
  1944 | D:3      | Reached skill level 1 in Stealth
  1944 | D:3      | Reached skill level 1 in Shields
  1944 | D:3      | Reached skill level 1 in Unarmed Combat
  1944 | D:3      | Reached skill level 1 in Evocations
  2174 | D:3      | Reached XP level 4. HP: 38/38 MP: 11/11
  2178 | D:3      | Learned a level 3 spell: Teleport Other
  2540 | D:3      | Reached skill level 1 in Conjurations
  2540 | D:3      | Reached skill level 1 in Hexes
  2540 | D:3      | Reached skill level 1 in Summonings
  2540 | D:3      | Reached skill level 1 in Necromancy
  2540 | D:3      | Reached skill level 1 in Transmutations
  2540 | D:3      | Reached skill level 1 in Fire Magic
  2540 | D:3      | Reached skill level 1 in Ice Magic
  2540 | D:3      | Reached skill level 1 in Air Magic
  2540 | D:3      | Reached skill level 1 in Earth Magic
  2540 | D:3      | Reached skill level 1 in Poison Magic
  2896 | D:4      | Found Inoic's General Store.
  2919 | D:4      | Found an ornate altar of the Wu Jian Council.
  2951 | D:4      | Noticed an ogre
  2956 | D:4      | Killed an ogre
  2957 | D:4      | Reached XP level 5. HP: 43/43 MP: 12/12
  2963 | D:4      | Learned a level 5 spell: Manifold Assault
  3009 | D:4      | Identified the +5 mace of Inflation {freeze, rF++}
  3062 | D:4      | Noticed a necrophage
  3068 | D:4      | Noticed a phantom
  3098 | D:4      | Killed a phantom
  3099 | D:4      | Reached XP level 6. HP: 50/50 MP: 4/14
  3279 | D:3      | Reached skill level 5 in Fighting
  3279 | D:3      | Reached skill level 5 in Axes
  3279 | D:3      | Reached skill level 5 in Dodging
  3514 | D:5      | Entered Level 5 of the Dungeon
  3514 | D:5      | Noticed Menkaure
  3572 | D:4      | Killed a necrophage
  3573 | D:4      | Reached XP level 7. HP: 46/56 MP: 11/15
  4370 | D:5      | Gained mutation: Your flesh is heat resistant. (rF+)
                  | [potion of mutation]
  4370 | D:5      | Gained mutation: You sometimes lose the ability to read
                  | scrolls when taking damage. [potion of mutation]
  4370 | D:5      | Gained mutation: Your flesh is very heat resistant. (rF++)
                  | [potion of mutation]
  4805 | D:5      | Reached XP level 8. HP: 63/63 MP: 16/16
  4849 | D:5      | Killed Menkaure
  5275 | D:5      | Identified a scroll of acquirement
  5275 | D:5      | Acquired 862 gold pieces
  5317 | D:4      | Bought an amulet of magic regeneration for 300 gold pieces
  5317 | D:4      | Bought a potion of mutation for 80 gold pieces
  5460 | D:6      | Noticed a hornet
  5461 | D:6      | Noticed a troll
  5461 | D:6      | Noticed a cyclops
  5839 | D:6      | Reached XP level 9. HP: 60/69 MP: 14/18
  6148 | D:6      | Killed a hornet
  6283 | D:6      | Reached skill level 5 in Throwing
  6283 | D:6      | Reached skill level 5 in Armour
  6621 | D:6      | Killed a troll
  6906 | D:7      | Found a staircase to the Ecumenical Temple.
  6914 | Temple   | Entered the Ecumenical Temple
  6930 | Temple   | Became a worshipper of Gozag Ym Sagoz the Greedy
  6949 | D:7      | Reached skill level 5 in Invocations
  7440 | D:7      | Reached XP level 10. HP: 63/77 MP: 20/20
  7688 | D:8      | Noticed a boulder beetle
  7770 | D:8      | Found a sand-covered staircase.
  7789 | Ossuary  | Entered an ossuary
  8056 | Ossuary  | Reached skill level 5 in Short Blades
  8056 | Ossuary  | Reached skill level 5 in Long Blades
  8056 | Ossuary  | Reached skill level 5 in Maces & Flails
  8056 | Ossuary  | Reached skill level 5 in Polearms
  8056 | Ossuary  | Reached skill level 5 in Staves
  8056 | Ossuary  | Reached skill level 5 in Slings
  8056 | Ossuary  | Reached skill level 5 in Bows
  8056 | Ossuary  | Reached skill level 5 in Crossbows
  8056 | Ossuary  | Reached skill level 5 in Stealth
  8056 | Ossuary  | Reached skill level 5 in Shields
  8056 | Ossuary  | Reached skill level 5 in Unarmed Combat
  8056 | Ossuary  | Reached skill level 5 in Evocations
  8335 | D:8      | Noticed Maurice
  8350 | D:8      | Killed Maurice
  8457 | D:8      | Found a stormy altar of Qazlal.
  9174 | D:9      | Noticed Harold
  9180 | D:9      | Learned a level 2 spell: Slow
  9434 | D:9      | Paralysed by Harold for 3 turns
  9588 | D:9      | Noticed a centaur warrior
  9696 | D:6      | HP: 3/79 [killer bee (5)]
  9697 | D:6      | Slain by a killer bee

Illustrated notes

Levels and vault maps discovered:
D:1:      dpeg_arrival_long_road, layout_loops_cross
D:2:      layout_basic, hellmonk_ecumenical_altar_zigzags
D:3:      layout_basic, minmay_ruptured
D:4:      layout_basic, lemuel_crystal_altar, serial_forest,
          infiniplex_forest_clump_diagonal, infiniplex_forest_end_3,
          infiniplex_forest_end_1, infiniplex_forest_end_1, serial_shops,
          nicolae_stop_n_shop_1, minmay_joined_circles
D:5:      layout_basic, uniq_menkaure
D:6:      cheibrodos_fzero, layout_basic, jmf_multi_god_temple
D:7:      layout_loops_corners, minmay_temple_entry_slanted, serial_park_tiny_1,
          grunt_ogre_cave
D:8:      layout_gridville, amcnicky_altar_gilded, enter_ossuary_3, uniq_maurice
D:9:      minmay_the_grid_3x3 [minmay_the_grid_stretched_grid,
          minmay_the_grid_all_tris, minmay_the_grid_broken_lines,
          minmay_the_grid_slots, minmay_the_grid_eight, minmay_the_grid_fan,
          minmay_the_grid_box_x, minmay_the_grid_holed_spiral,
          minmay_the_grid_prize_shrinking_boxes], layout_loops_ring,
          grunt_ministairs_3, amethyst_killhole, uniq_harold
Temple:   minmay_crystal_spiral_temple

Skill      XL: |  1  2  3  4  5  6  7  8  9 10 |
---------------+-------------------------------+-----
Spellcasting   | 5 6 7 |  7.5
Invocations    | 1 2 3 4 5 6 |  6.0
Short Blades   | 1 2 3 4 5 |  5.4
Long Blades    | 1 2 3 4 5 |  5.4
Maces & Flails | 1 2 3 4 5 |  5.4
Polearms       | 1 2 3 4 5 |  5.4
Staves         | 1 2 3 4 5 |  5.4
Slings         | 1 2 3 4 5 |  5.4
Bows           | 1 2 3 4 5 |  5.4
Crossbows      | 1 2 3 4 5 |  5.4
Stealth        | 1 2 3 4 5 |  5.4
Shields        | 1 2 3 4 5 |  5.4
Unarmed Combat | 1 2 3 4 5 |  5.4
Evocations     | 1 2 3 4 5 |  5.4
Conjurations   | 1 2 3 4 |  4.5
Hexes          | 1 2 3 4 |  4.5
Summonings     | 1 2 3 4 |  4.5
Necromancy     | 1 2 3 4 |  4.5
Transmutations | 1 2 3 4 |  4.5
Fire Magic     | 1 2 3 4 |  4.5
Ice Magic      | 1 2 3 4 |  4.5
Air Magic      | 1 2 3 4 |  4.5
Earth Magic    | 1 2 3 4 |  4.5
Poison Magic   | 1 2 3 4 |  4.5
Throwing       | 3 4 5 6 |  6.1
Armour         | 3 4 5 6 |  6.1
Fighting       | 5 6 7 |  7.2
Axes           | 5 6 7 |  7.2
Dodging        | 5 6 7 |  7.2
Translocations | 6 7 |  7.2

Action                   |  1- 3 |  4- 6 |  7- 9 | 10-12 || total
-------------------------+-------+-------+-------+-------++-------
Melee: Hand axe          |    91 |     4 |       |       ||    95
       Bite              |     4 |     1 |    23 |    16 ||    44
       Rapier            |       |     7 |   119 |     9 ||   135
       Mace              |       |     2 |    47 |    49 ||    98
       War axe           |       |       |    30 |       ||    30
       Short sword       |       |       |    57 |   108 ||   165
       Broad axe         |       |       |       |   159 ||   159
 Fire: Hunting sling     |    33 |     6 |       |       ||    39
       Fustibalus        |       |    79 |   140 |    33 ||   252
       Hand crossbow     |       |       |       |    16 ||    16
Throw: Boomerang         |     5 |       |       |       ||     5
 Cast: Blink             |       |     2 |       |     3 ||     5
       Teleport Other    |       |     6 |     2 |     5 ||    13
       Manifold Assault  |       |       |     1 |    14 ||    15
       Slow              |       |       |       |     1 ||     1
Evoke: Wand              |       |    10 |    18 |     2 ||    30
  Use: Scroll            |     4 |     1 |     4 |    12 ||    21
       Potion            |       |       |     2 |     6 ||     8
 Stab: Sleeping          |       |       |     1 |     4 ||     5
       Distracted        |       |       |       |     3 ||     3
Armor: Leather armour    |    21 |     9 |    18 |       ||    48
       Troll leather arm |       |       |     8 |    71 ||    79
       Skin              |       |       |       |    19 ||    19
Dodge: Dodged            |    59 |    12 |   132 |   168 ||   371
Block: Buckler           |     8 |    15 |    64 |   103 ||   190

Table legend: (Time is in decaauts)
 A = Elapsed time spent in this place.
 B = Non-inter-level travel time spent in this place.
 C = Inter-level travel time spent in this place.
 D = Time resting spent in this place.
 E = Time spent auto-exploring this place.
 F = Levels seen in this place.
 G = Mean time per level.
                   A        B        C        D        E       F      G
               +--------+--------+--------+--------+--------+-----+--------+
         Total |   9791 |   9164 |    627 |   1191 |   5479 |  11 |  890.1 |
       Dungeon |   9330 |   8715 |    615 |   1191 |   5291 |   9 | 1036.7 |
        Temple |     29 |     17 |     12 |      0 |      7 |   1 |   29.0 |
       Ossuary |    431 |    431 |      0 |      0 |    181 |   1 |  431.0 |
               +--------+--------+--------+--------+--------+-----+--------+

Top non-repeatable levels by time:
     D:5: 1498 daAuts
     D:1: 1355 daAuts
     D:4: 1197 daAuts
     D:6: 1101 daAuts
     D:8: 1099 daAuts
     D:3: 1091 daAuts
     D:7: 890 daAuts
     D:2: 587 daAuts
     D:9: 508 daAuts
 Ossuary: 431 daAuts
  Temple: 29 daAuts
